AoeStats
← Pepin_Pistolin

Black Forest

509222827Analyzed
2v2 RM · 5d ago on Sep 26, 2026· 83m 31s· 4 players
Game mode
Random Map
Map size
Medium (4 player)
Population
200
Speed
Normal
Resources
Standard
Victory
Conquest
Starting age
Dark Age
Ending age
Imperial Age
RankedLock teamsTeams togetherTeam positionsShared explorationLock speedFull tech treeHidden civsTurbo modeCheats
Victory
Defeat
🇲🇽 Jurchens · Mexico
795
+13
🇲🇽 Teutons · Mexico
631
+20
🇦🇷 Mongols · Argentina
739
-17
🇩🇪 Vietnamese · Germany
709
-16
Pepin_Pistolin
0:27 Loom
15:19 Feudal Age
15:50 Double-Bit Axe
21:01 Castle Age
31:32 Elite Skirmisher
32:29 Fletching
32:52 Forging
32:47 Scale Barding Armor
41:06 Imperial Age
40:23 Caravan
41:10 Bodkin Arrow
44:02 Thumb Ring
47:04 Chemistry
47:30 Imperial Skirmisher
48:20 Elite Battle Elephant
50:08 Chatras
51:30 Ballistics
52:39 Paper Money
53:39 Iron Casting
53:05 Bracer
53:26 Chain Barding Armor
53:08 Padded Archer Armor
60:58 Pikeman
61:35 Halberdier
64:23 Wheelbarrow
66:36 Murder Holes
71:34 Hand Cart
71:09 Cavalier
71:51 Husbandry
72:03 Bloodlines
71:14 Light Cavalry
78:33 Onager
munileven
0:26 Loom
12:09 Feudal Age
16:44 Castle Age
15:19 Double-Bit Axe
15:36 Horse Collar
28:41 Wheelbarrow
27:52 Town Watch
27:55 Crossbowman
29:14 Heavy Plow
29:27 Bow Saw
35:35 Imperial Age
33:31 Thumb Ring
33:41 Murder Holes
34:08 Ballistics
35:18 Gold Mining
35:18 Stone Mining
37:49 Hand Cart
37:35 Town Patrol
38:15 Coinage
37:48 Caravan
38:11 Arbalester
38:47 Fletching
38:58 Padded Archer Armor
39:43 Conscription
40:33 Banking
41:20 Gold Shaft Mining
41:21 Stone Shaft Mining
40:50 Onager
43:18 Chemistry
42:29 Fortified Wall
42:07 Elite Mangudai
43:17 Bodkin Arrow
43:38 Leather Archer Armor
45:15 Siege Onager
46:06 Nomads
46:36 Drill
47:36 Bracer
53:50 Scale Barding Armor
56:03 Chain Barding Armor
55:54 Forging
55:28 Heavy Camel Rider
58:22 Iron Casting
62:23 Heavy Scorpion
65:37 Blast Furnace
64:38 Scale Mail Armor
66:54 Squires
66:15 Pikeman
66:23 Pikeman
67:04 Arson
67:52 Chain Mail Armor
68:05 Bloodlines
67:59 Husbandry
73:20 Plate Mail Armor
72:17 Man-at-Arms
74:09 Long Swordsman
75:04 Two-Handed Swordsman
75:44 Champion
erikm0532
0:26 Loom
11:36 Feudal Age
12:19 Double-Bit Axe
21:43 Castle Age
23:18 Bow Saw
23:47 Gold Mining
28:54 Horse Collar
33:05 Heavy Plow
34:39 Gold Shaft Mining
37:01 Imperial Age
35:56 Wheelbarrow
37:43 Hand Cart
39:16 Elite Iron Pagoda
44:25 Chemistry
43:46 Ballistics
43:31 Siege Engineers
43:26 Murder Holes
48:02 Elite Steppe Lancer
50:08 Scale Barding Armor
50:15 Forging
50:06 Scale Mail Armor
50:37 Padded Archer Armor
50:27 Fletching
50:53 Husbandry
51:04 Bloodlines
53:14 Chain Barding Armor
53:30 Iron Casting
66:31 Two-Man Saw
73:24 Crop Rotation
77:57 Plate Barding Armor
78:24 Blast Furnace
Superjiro
0:35 Loom
11:10 Feudal Age
20:43 Castle Age
22:07 Gambesons
22:43 Double-Bit Axe
25:58 Horse Collar
34:08 Heavy Plow
34:48 Wheelbarrow
38:09 Ironclad
41:55 Imperial Age
40:27 Masonry
40:43 Bow Saw
41:23 Caravan
43:52 Chemistry
43:52 Heavy Scorpion
50:12 Siege Engineers
50:28 Ballistics
51:15 Bloodlines
53:17 Fortified Wall
64:44 Two-Man Saw
Connection lost

Rejoining the realm…

Still unreachable

The connection could not be restored.

Session expired

The server has moved on; the page needs a fresh start.